 Dungeon Crawl Stone Soup version 0.19-a0-1225-gf887c1c (webtiles) character file.

28 Duffy the Slasher (level 3, 28/29 HPs)
             Began as a Demonspawn Monk on Aug 25, 2016.
             Quit the game on level 1 of the Dungeon.
             The game lasted 00:01:05 (560 turns).

Duffy the Slasher (Demonspawn Monk)                  Turns: 560, Time: 00:01:06

Health: 28/29      AC:  3    Str: 12    XL:     3   Next: 0%
Magic:  3/3        EV: 13    Int: 11    God:
Gold:   24         SH:  0    Dex: 15    Spells: 0 memorised, 2 levels left

rFire  . . .     SeeInvis .     a - +0 falchion
rCold  . . .     Gourm    .     b - +0 robe
rNeg   . . .     Faith    .     (no shield)
rPois  .         Spirit   .     (helmet restricted)
rElec  .         Dismiss  .     (no cloak)
rCorr  .         Reflect  .     h - +0 pair of gloves
MR     .....     Harm     .     (no boots)
Stlth  ++........               (no amulet)
                                (no ring)
                                (no ring)

@: no status effects
A: horns 1, demonic guardian 1
a: no special abilities


You were on level 1 of the Dungeon.
You were not hungry.

You visited 1 branch of the dungeon, and saw 1 of its levels.

You collected 24 gold pieces.

Inventory:

Hand Weapons
 a - a +0 falchion (weapon)
Missiles
 j - 6 javelins (quivered)
Armour
 b - a +0 robe (worn)
 h - a +0 pair of gloves (worn)
Scrolls
 d - 4 scrolls of identify {unknown}
 f - a scroll of amnesia {unknown}
 g - 2 scrolls of remove curse {unknown}
 i - a scroll of recharging {unknown}
Potions
 e - 2 potions of curing {unknown}
Comestibles
 c - 2 bread rations


   Skills:
 - Level 3.0 Fighting
 + Level 3.8 Long Blades
 - Level 2.6 Dodging
 - Level 1.7 Stealth


You had 2 spell levels left.
You didn't know any spells.

Dungeon Overview and Level Annotations

Branches:
Dungeon (1/15)

Altars:

Annotations:
D:1 exclusion: door


Innate Abilities, Weirdness & Mutations

You have a pair of small horns on your head.
A weak demonic guardian rushes to your aid.


Message History

e - 2 inky potions (gained 1)
A bat comes into view.
The bat closely misses you.
You riposte.
You hit the bat.
The bat is severely wounded.
You see here 15 gold pieces.
You barely miss the bat. Your headbutt misses the bat.
The bat is severely wounded.
The bat completely misses you.
You riposte.
You hit the bat but do no damage. Your headbutt misses the bat.
The bat is severely wounded.
The bat misses you. The bat hits you but does no damage. The bat hits you.
The bat barely misses you.
You hit the bat. You headbutt the bat.
You kill the bat!
You have reached level 3!
Your experience leads to an increase in your attributes!
Increase (S)trength, (I)ntelligence, or (D)exterity?
You feel stronger.
Your demonic ancestry asserts itself...
You feel the presence of a demonic guardian.
Are you sure you want to abandon this character and quit the game? (Confirm with "yes".)

### ...# ## ######## #.# # ...#
....#####......######.# ...
.......$.............># ..
......#.#.####.######.# ###...
..... #@#.# #.######.# ...## ##..
#.#.# #.#......# ##..## ## #.#.#
#........## .%...# #.#.#
#.#.#......
.##..###########.#.####........##
.###.#........##.#.#.....^.....##
.# #..........##.#.#.##...##...##
.###...............#.##..........
.##......##.####...............##


There were no monsters in sight!

Vanquished Creatures
  A gnoll (D:1)
  3 bats (D:1)
  A giant cockroach (D:1)
  A goblin (D:1)
  4 hobgoblins (D:1)
  3 jackals (D:1)
  A giant newt (D:1)
  A kobold (D:1)
  A rat (D:1)
16 creatures vanquished.

Notes
Turn   | Place    | Note
-------+----------+-------------------------------------------
     0 | D:1      | Duffy the Demonspawn Monk began the quest for the Orb.
     0 | D:1      | Reached XP level 1. HP: 18/18 MP: 1/1
   203 | D:1      | Gained mutation: You have a pair of small horns on your head. [demonic ancestry]
   203 | D:1      | Reached XP level 2. HP: 23/24 MP: 2/2
   559 | D:1      | Gained mutation: A weak demonic guardian rushes to your aid. [demonic ancestry]
   559 | D:1      | Reached XP level 3. HP: 28/29 MP: 3/3
   560 | D:1      | Quit the game

Vault maps used:
D:1:      evilmike_arrival_run_for_it, minmay_misc_feat_plants

Skill      XL: |  1 |
---------------+----+-----
Long Blades    | 3 |  3.8
Fighting       | |  3.0
Dodging        | |  2.6
Stealth        | |  1.7

Action                   || total
-------------------------++-------
Melee: Falchion          ||    45
       Headbutt          ||     5
Armor: Robe              ||     7
Dodge: Dodged            ||    27
